TOP OF THE 1ST |
Bismark Border Guards batting - Pitching for Riverside Red Bulls : RHP Patrick Singleton
|
Pitching: RHP Patrick Singleton
|
|
Batting: LHB Pedro Camacho
|
0-0: Ground out U3 (Groundball, 3L)
|
Batting: RHB Sergio Solíz
|
0-0: Ball 1-0: SINGLE (Line Drive, 9S)
|
Batting: RHB Vincent Braun
|
0-0: Called Strike 0-1: Fly out, F9 (Flyball, 9LM)
|
Batting: RHB Enrique Soto
|
0-0: Foul Ball, location: 2F 0-1: Ball 1-1: Ball 2-1: Ball 3-1: Foul Ball, location: 2F 3-2: Fly out, F9 (Flyball, 89M)
|
Top of the 1st over - 0 runs, 1 hit, 0 errors, 1 left on base; Bismark 0 - Riverside 0 |
BOTTOM OF THE 1ST |
Riverside Red Bulls batting - Pitching for Bismark Border Guards : LHP Jeffrey Glass
|
Pitching: LHP Jeffrey Glass
|
|
Batting: SHB Carlos Ramírez
|
0-0: Ground out 4-3 (Groundball, 4)
|
Batting: RHB Juan Morales
|
0-0: Called Strike 0-1: Ball 1-1: Ground out 4-3 (Groundball, 4)
|
Batting: LHB Gabriel Estrada
|
0-0: Ball 1-0: Ball 2-0: Foul Ball, location: 2F 2-1: Foul Ball, location: 2F 2-2: Strikes out swinging
|
Bottom of the 1st over - 0 runs, 0 hits, 0 errors, 0 left on base; Bismark 0 - Riverside 0 |
TOP OF THE 2ND |
Bismark Border Guards batting - Pitching for Riverside Red Bulls : RHP Patrick Singleton
|
Batting: LHB Cisco Villanueva
|
0-0: Ball 1-0: Ball 2-0: Ground out 4-3 (Groundball, 4M)
|
Batting: LHB Kelsey Scott
|
0-0: Ball 1-0: Ball 2-0: Ball 3-0: Base on Balls
|
Batting: RHB Alfredo Farías
|
0-0: Ball 1-0: Ball 2-0: Called Strike 2-1: Ball 3-1: Base on Balls Kelsey Scott to second
|
Batting: RHB Jim Love
|
0-0: Called Strike 0-1: Called Strike 0-2: Foul Ball, location: 2F 0-2: Foul Ball, location: 2F 0-2: Ball 1-2: Fly out, F6 (Line Drive, 6)
|
Batting: RHB António Martínez
|
0-0: Ball 1-0: Called Strike 1-1: Called Strike 1-2: Ball 2-2: Strikes out looking
|
Top of the 2nd over - 0 runs, 0 hits, 0 errors, 2 left on base; Bismark 0 - Riverside 0 |
BOTTOM OF THE 2ND |
Riverside Red Bulls batting - Pitching for Bismark Border Guards : LHP Jeffrey Glass
|
Batting: RHB John Burton
|
0-0: Ball 1-0: Foul Ball, location: 2F 1-1: Ground out U3 (Groundball, 34)
|
Batting: LHB Miguel Gálvez
|
0-0: Ball 1-0: Foul Ball, location: 2F 1-1: Called Strike 1-2: Ball 2-2: Strikes out swinging
|
Batting: RHB Steve Meyers
|
0-0: Called Strike 0-1: Swinging Strike 0-2: Strikes out swinging
|
Bottom of the 2nd over - 0 runs, 0 hits, 0 errors, 0 left on base; Bismark 0 - Riverside 0 |
TOP OF THE 3RD |
Bismark Border Guards batting - Pitching for Riverside Red Bulls : RHP Patrick Singleton
|
Batting: LHB Pedro Camacho
|
0-0: Called Strike 0-1: Called Strike 0-2: Ball 1-2: Strikes out swinging
|
Batting: RHB Sergio Solíz
|
0-0: Foul Ball, location: 2F 0-1: Foul Ball, location: 2F 0-2: Foul Ball, location: 2F 0-2: Strikes out swinging
|
Batting: RHB Vincent Braun
|
0-0: Ground out 5-3 (Groundball, 56)
|
Top of the 3rd over - 0 runs, 0 hits, 0 errors, 0 left on base; Bismark 0 - Riverside 0 |
BOTTOM OF THE 3RD |
Riverside Red Bulls batting - Pitching for Bismark Border Guards : LHP Jeffrey Glass
|
Batting: RHB Steve West
|
0-0: Ball 1-0: Ground out 6-3 (Groundball, 6S)
|
Batting: RHB Luis Flores
|
0-0: Foul Ball, location: 2F 0-1: Swinging Strike 0-2: Foul Ball, location: 2F 0-2: Strikes out swinging
|
Batting: RHB José González
|
0-0: Called Strike 0-1: Fly out, F8 (Flyball, 8RS)
|
Bottom of the 3rd over - 0 runs, 0 hits, 0 errors, 0 left on base; Bismark 0 - Riverside 0 |
TOP OF THE 4TH |
Bismark Border Guards batting - Pitching for Riverside Red Bulls : RHP Patrick Singleton
|
Batting: RHB Enrique Soto
|
0-0: Called Strike 0-1: Ball 1-1: Ball 2-1: Ball 3-1: Ground out 1-3 (Groundball, 13S)
|
Batting: LHB Cisco Villanueva
|
0-0: Foul Ball, location: 2F 0-1: Called Strike 0-2: SOLO HOME RUN (Line Drive, 89XD), Distance : 415 ft
|
Batting: LHB Kelsey Scott
|
0-0: Called Strike 0-1: Ball 1-1: Foul Ball, location: 2F 1-2: Ball 2-2: Ball 3-2: Foul Ball, location: 2F 3-2: Ground out 4-3 (Groundball, 34D)
|
Batting: RHB Alfredo Farías
|
0-0: DOUBLE (Line Drive, 9LM)
|
Batting: RHB Jim Love
|
0-0: Foul Ball, location: 2F 0-1: Ground out 4-3 (Groundball, 4)
|
Top of the 4th over - 1 run, 2 hits, 0 errors, 1 left on base; Bismark 1 - Riverside 0 |
BOTTOM OF THE 4TH |
Riverside Red Bulls batting - Pitching for Bismark Border Guards : LHP Jeffrey Glass
|
Batting: SHB Carlos Ramírez
|
0-0: Ball 1-0: Ball 2-0: Called Strike 2-1: Ground out 5-3 (Groundball, 56S)
|
Batting: RHB Juan Morales
|
0-0: Ball 1-0: Ball 2-0: Called Strike 2-1: Ball 3-1: Base on Balls
|
Batting: LHB Gabriel Estrada
|
0-0: Ball 1-0: Fly out, F9 (Flyball, 9)
|
Batting: RHB John Burton
|
0-0: Ball 1-0: Ground out 5-3 (Groundball, 56S)
|
Bottom of the 4th over - 0 runs, 0 hits, 0 errors, 1 left on base; Bismark 1 - Riverside 0 |
TOP OF THE 5TH |
Bismark Border Guards batting - Pitching for Riverside Red Bulls : RHP Patrick Singleton
|
Batting: RHB António Martínez
|
0-0: SINGLE (Groundball, 56D)
|
Batting: LHB Pedro Camacho
|
0-0: Ball 1-0: Fielders Choice at 2nd, 4-6 (Groundball, 4)
|
Batting: RHB Sergio Solíz
|
0-0: Ball Pedro Camacho steals 2nd base 1-0: Ball 2-0: SINGLE (Groundball, 34S) (infield hit) Pedro Camacho to third
|
Batting: RHB Vincent Braun
|
0-0: Called Strike 0-1: Ball 1-1: Ball 2-1: Foul Ball, location: 2F 2-2: Fly out, F7 (Flyball, 7LDF) Runner from 3rd tags up, SCORES, no throw
|
Batting: RHB Enrique Soto
|
0-0: Ball 1-0: Ball 2-0: Ball 3-0: Called Strike 3-1: Ground out 5-3 (Groundball, 5S)
|
Top of the 5th over - 1 run, 2 hits, 0 errors, 1 left on base; Bismark 2 - Riverside 0 |
BOTTOM OF THE 5TH |
Riverside Red Bulls batting - Pitching for Bismark Border Guards : LHP Jeffrey Glass
|
Batting: LHB Miguel Gálvez
|
0-0: Called Strike 0-1: Ball 1-1: Foul Ball, location: 2F 1-2: Strikes out swinging
|
Batting: RHB Steve Meyers
|
0-0: Ball 1-0: Ball 2-0: Called Strike 2-1: Foul Ball, location: 2F 2-2: Foul Ball, location: 2F 2-2: Ball 3-2: SINGLE (Flyball, 7LM)
|
Batting: RHB Steve West
|
0-0: Ball 1-0: Ball 2-0: Single, Error in OF, E8, batter to second base Steve Meyers to third
|
Batting: RHB Luis Flores
|
0-0: Ball 1-0: Called Strike 1-1: Fly out, F6 (Line Drive, 6M)
|
Batting: RHB José González
|
0-0: Fly out, F9 (Flyball, 9S)
|
Bottom of the 5th over - 0 runs, 2 hits, 1 error, 2 left on base; Bismark 2 - Riverside 0 |
TOP OF THE 6TH |
Bismark Border Guards batting - Pitching for Riverside Red Bulls : RHP Patrick Singleton
|
Batting: LHB Cisco Villanueva
|
0-0: Ball 1-0: Fly out, F8 (Flyball, 8LXD)
|
Batting: LHB Kelsey Scott
|
0-0: Called Strike 0-1: Swinging Strike 0-2: Foul Ball, location: 2F 0-2: Strikes out swinging
|
Batting: RHB Alfredo Farías
|
0-0: Called Strike 0-1: Called Strike 0-2: Foul Ball, location: 2F 0-2: Ball 1-2: Ball 2-2: Ball 3-2: Foul Ball, location: 2F 3-2: Strikes out looking
|
Top of the 6th over - 0 runs, 0 hits, 0 errors, 0 left on base; Bismark 2 - Riverside 0 |
BOTTOM OF THE 6TH |
Riverside Red Bulls batting - Pitching for Bismark Border Guards : LHP Jeffrey Glass
|
Batting: SHB Carlos Ramírez
|
0-0: Ball 1-0: Called Strike 1-1: Ball 2-1: Ball 3-1: Base on Balls
|
Batting: RHB Juan Morales
|
0-0: Ball 1-0: Ball 2-0: Foul Ball, location: 2F 2-1: Foul Ball, location: 2F 2-2: SINGLE (Groundball, 34) (infield hit) Carlos Ramírez to second
|
Batting: LHB Gabriel Estrada
|
0-0: Ball 1-0: Ball 2-0: Ball 3-0: Called Strike 3-1: Base on Balls Carlos Ramírez to third Juan Morales to second
|
Batting: RHB John Burton
|
0-0: Called Strike 0-1: Called Strike 0-2: Fly out, F8 (Flyball, 8RD) Runner from 3rd tags up, SCORES, no throw
|
Batting: LHB Miguel Gálvez
|
0-0: Called Strike 0-1: Ball 1-1: Ground out 4-3 (Groundball, 34D) Juan Morales to third Gabriel Estrada to second
|
Batting: RHB Steve Meyers
|
0-0: Called Strike 0-1: Ball 1-1: SINGLE (Groundball, 4MD) Juan Morales scores Gabriel Estrada to third Runner from 3rd tries for Home, SAFE, no throw
|
Batting: RHB Steve West
|
0-0: Called Strike 0-1: Called Strike 0-2: Ball 1-2: SINGLE (Flyball, 78S) Steve Meyers to second
|
Batting: RHB Luis Flores
|
0-0: Ball 1-0: Ground out 4-3 (Groundball, 4)
|
Bottom of the 6th over - 3 runs, 3 hits, 0 errors, 2 left on base; Bismark 2 - Riverside 3 |
TOP OF THE 7TH |
Bismark Border Guards batting - Pitching for Riverside Red Bulls : RHP Patrick Singleton
|
Batting: RHB Jim Love
|
0-0: Called Strike 0-1: Foul Ball, location: 2F 0-2: Ground out 6-3 (Groundball, 6)
|
Batting: RHB António Martínez
|
0-0: Ball 1-0: Ground out 6-3 (Groundball, 6)
|
Batting: LHB Pedro Camacho
|
0-0: Ground out U3 (Groundball, 3L)
|
Top of the 7th over - 0 runs, 0 hits, 0 errors, 0 left on base; Bismark 2 - Riverside 3 |
BOTTOM OF THE 7TH |
Riverside Red Bulls batting - Pitching for Bismark Border Guards : LHP Jeffrey Glass
|
Pitching: RHP Jim Thompson
|
|
Batting: RHB José González
|
0-0: Ball 1-0: Called Strike 1-1: Swinging Strike 1-2: Strikes out looking
|
Batting: SHB Carlos Ramírez
|
0-0: Ball 1-0: Ball 2-0: Ball 3-0: Called Strike 3-1: Swinging Strike 3-2: Base on Balls
|
Batting: RHB Juan Morales
|
0-0: Ball 1-0: Ball 2-0: Foul Ball, location: 2F 2-1: SINGLE (Line Drive, 34) Carlos Ramírez to second Runner from 2nd tries for 3rd, SAFE, throw made to third
|
Batting: LHB Gabriel Estrada
|
0-0: Ball 1-0: Ball 2-0: Ball 3-0: Called Strike 3-1: Called Strike 3-2: Strikes out swinging
|
Batting: RHB John Burton
|
0-0: Foul Ball, location: 2F 0-1: Ball 1-1: Foul Ball, location: 2F 1-2: Ball 2-2: Ball 3-2: Foul Ball, location: 2F 3-2: Strikes out swinging
|
Bottom of the 7th over - 0 runs, 1 hit, 0 errors, 2 left on base; Bismark 2 - Riverside 3 |
TOP OF THE 8TH |
Bismark Border Guards batting - Pitching for Riverside Red Bulls : RHP Patrick Singleton
|
Pitching: RHP Lloyd Jones
|
|
Batting: RHB Sergio Solíz
|
0-0: Foul Ball, location: 2F 0-1: Called Strike 0-2: Ball 1-2: Fly out, F7 (Flyball, 78D)
|
Batting: RHB Vincent Braun
|
0-0: Ball 1-0: Called Strike 1-1: Fly out, F4 (Popup, 34)
|
Batting: RHB Enrique Soto
|
0-0: Fly out, F3 (Popup, 3)
|
Top of the 8th over - 0 runs, 0 hits, 0 errors, 0 left on base; Bismark 2 - Riverside 3 |
BOTTOM OF THE 8TH |
Riverside Red Bulls batting - Pitching for Bismark Border Guards : RHP Jim Thompson
|
Batting: LHB Miguel Gálvez
|
0-0: Called Strike 0-1: Ball 1-1: Foul Ball, location: 2F 1-2: Fly out, F5 (Popup, 56)
|
Batting: RHB Steve Meyers
|
0-0: Called Strike 0-1: Ball 1-1: Foul Ball, location: 2F 1-2: Ground out 1-3 (Groundball, 13S)
|
Batting: RHB Steve West
|
0-0: Ball 1-0: Ball 2-0: SOLO HOME RUN (Flyball, 7LD), Distance : 400 ft
|
Pitching: LHP David Vance
|
|
Batting: RHB Luis Flores
|
0-0: DOUBLE (Flyball, 8LXD)
|
Batting: RHB José González
|
0-0: Ball 1-0: Ball 2-0: Ball 3-0: Called Strike 3-1: SINGLE (Line Drive, 6MD) Luis Flores to third Runner from 3rd tries for Home, throw and OUT!
|
Bottom of the 8th over - 1 run, 3 hits, 0 errors, 1 left on base; Bismark 2 - Riverside 4 |
TOP OF THE 9TH |
Bismark Border Guards batting - Pitching for Riverside Red Bulls : RHP Lloyd Jones
|
Batting: LHB Cisco Villanueva
|
0-0: Called Strike 0-1: Foul Ball, location: 2F 0-2: Ball 1-2: Foul Ball, location: 2F 1-2: DOUBLE (Line Drive, 8RD)
|
Batting: LHB Kelsey Scott
|
0-0: Ground out 4-3 (Groundball, 4S) Cisco Villanueva to third
|
Pinch Hitting: LHB David Hernández
|
0-0: Swinging Strike 0-1: Ball 1-1: Ball 2-1: Foul Ball, location: 2F 2-2: Ball 3-2: Base on Balls
|
Batting: RHB Jim Love
|
0-0: Ball 1-0: Ball 2-0: Swinging Strike 2-1: Called Strike 2-2: Strikes out swinging
|
Pinch Hitting: RHB Doug Williams
|
0-0: Foul Ball, location: 2F 0-1: Ball 1-1: Foul Ball, location: 2F 1-2: Ball 2-2: Strikes out swinging
|
Top of the 9th over - 0 runs, 1 hit, 0 errors, 2 left on base; Bismark 2 - Riverside 4 |
|